 Dungeon Crawl Stone Soup version 0.19.1-1-g22dce08 (webtiles) character file.

140 RedPan the Chiller (level 5, 0/42 HPs)
             Began as a Deep Elf Ice Elementalist on Dec 30, 2016.
             Killed from afar by an orc wizard (9 damage)
             ... with a puff of flame
             ... on level 3 of the Dungeon.
             The game lasted 00:08:05 (2970 turns).

RedPan the Chiller (Deep Elf Ice Elementalist)      Turns: 2970, Time: 00:08:06

Health: 0/42       AC: 22    Str:  5    XL:     5   Next: 2%
Magic:  4/11       EV:  2    Int: 21    God:
Gold:   181        SH:  0    Dex: 15    Spells: 3 memorised, 4 levels left

rFire  . . .     SeeInvis +     m - +1 hand axe (chop)
rCold  . . .     Gourm    .     (armour currently unavailable)
rNeg   + + +     Faith    .     (no shield)
rPois  +         Spirit   .     (helmet currently unavailable)
rElec  .         Reflect  .     (cloak currently unavailable)
rCorr  .         Harm     .     (gloves currently unavailable)
MR     .....     NoTele   +     (boots currently unavailable)
Stlth  +.........               (no amulet)
                                (no ring)
                                j - ring of see invisible

@: confused, tree-form, very slightly contaminated, hasted, very quick
A: no striking features
a: no special abilities


You were on level 3 of the Dungeon.
You were hungry.
You were a tree.
You visited 1 branch of the dungeon, and saw 3 of its levels.

You collected 181 gold pieces.

Inventory:

Hand Weapons
 k - a +0 whip
 m - a +1 hand axe of chopping (weapon)
Armour
 a - a +0 robe (melded)
Jewellery
 j - a ring of see invisible (left branch)
Wands
 g - a wand of enslavement (13/24)
Books
 b - a book of Frost

   Spells                             Type                      Level
   a - Freeze                         Ice                          1
   b - Throw Frost                    Conjuration/Ice              2
   c - Ozocubu's Armour               Charms/Ice                   3
   d - Throw Icicle                   Conjuration/Ice              4
   e - Summon Ice Beast               Ice/Summoning                4
Comestibles
 c - a bread ration
 d - 2 meat rations
 f - 2 chunks of flesh


   Skills:
 - Level 2.4 Dodging
 - Level 2.4 Stealth
 - Level 3.0 Spellcasting
 + Level 2.4 Conjurations
 + Level 3.2 Charms
 - Level 5.2 Ice Magic


You had 4 spell levels left.
You knew the following spells:

 Your Spells              Type           Power        Failure   Level  Hunger
a - Freeze                Ice            ###.         1%          1    None
b - Throw Frost           Conj/Ice       ###...       4%          2    ##.....
c - Ozocubu's Armour      Chrm/Ice       ###.....     10%         3    ###....


Dungeon Overview and Level Annotations

Branches:
Dungeon (3/15)

Altars:
Elyvilon


Message History

You hit the orc.
You kill the orc!
You feel less confused.
The orc wizard hits you but does no damage.
You barely miss the orc wizard.
The orc wizard is almost dead.
The orc wizard gestures at you while chanting.
You are confused.
You barely miss the orc wizard.
The orc wizard is almost dead.
You are feeling hungry.
The orc wizard hits you but does no damage.
You miss the orc wizard.
The orc wizard is almost dead.
The orc wizard hits you but does no damage.
You closely miss the orc wizard.
The orc wizard is almost dead.
The orc wizard points at you and mumbles some strange words.
The puff of flame hits you!
You die...

...####..##............##
... .....###..........## ..
#.##..###..........#### ..o
#...#..............# .o.
#........####.####.#### .
.. #..........##.#........
#. #.....#................
#.##....)##...............
#.$..)..o♣..÷.............
###.....####...............
#..%....# #...............
#.###...# #...)...########
#. ....### ###......## #
...###.# #.......# # #.#
#.....÷.###### #.#
#..........<.. ###
##.....#######


You could see an orc wizard (invisible).

Vanquished Creatures
  An orc priest (D:3)
  2 gnolls (D:2)
  2 adders
  4 worms
  2 dart slugs
  2 orcs (D:3)
  A ball python (D:3)
  10 bats
  3 giant cockroaches (D:2)
  8 goblins
  4 hobgoblins
  9 kobolds
  13 rats
61 creatures vanquished.

Vanquished Creatures (others)
  A quokka (D:3)
1 creature vanquished.

Grand Total: 62 creatures vanquished

Notes
Turn   | Place    | Note
-------+----------+-------------------------------------------
     0 | D:1      | RedPan the Deep Elf Ice Elementalist began the quest for the Orb.
     0 | D:1      | Reached XP level 1. HP: 10/10 MP: 6/6
   316 | D:1      | Reached XP level 2. HP: 15/15 MP: 6/8
   433 | D:1      | Learned a level 2 spell: Throw Frost
   454 | D:1      | Reached skill level 4 in Ice Magic
  1451 | D:2      | Reached XP level 3. HP: 19/19 MP: 6/9
  1779 | D:2      | Reached skill level 5 in Ice Magic
  1972 | D:2      | Learned a level 3 spell: Ozocubu's Armour
  2092 | D:2      | Reached skill level 1 in Charms
  2092 | D:2      | Reached XP level 4. HP: 14/24 MP: 7/10
  2872 | D:3      | Found a white marble altar of Elyvilon.
  2942 | D:3      | Reached XP level 5. HP: 13/28 MP: 3/11
  2970 | D:3      | Killed from afar by an orc wizard

Skill      XL: |  1  2  3  4 |
---------------+-------------+-----
Ice Magic      | 4 5 |  5.2
Charms         | 1 3 |  3.2
Conjurations   | 2 |  2.4
Dodging        | |  2.4
Stealth        | |  2.4
Spellcasting   | |  3.0

Action                   |  1- 3 |  4- 6 || total
-------------------------+-------+-------++-------
Melee: Unarmed           |     1 |       ||     1
       Hand axe          |    15 |    32 ||    47
       Dagger            |     5 |       ||     5
       Whip              |     1 |       ||     1
 Cast: Freeze            |    51 |    24 ||    75
       Throw Frost       |     1 |     4 ||     5
  Use: Scroll            |       |     5 ||     5
       Potion            |       |     2 ||     2
 Stab: Sleeping          |     3 |     2 ||     5
  Eat: Chunk             |     3 |     3 ||     6
Armor: Robe              |    11 |     9 ||    20
       Skin              |       |    14 ||    14
Dodge: Dodged            |    38 |    34 ||    72
